 Dungeon Crawl Stone Soup version 0.28-a0-1412-gf95308ed99 (webtiles) character file.

Game seed: 5130009111638398431

833 voltaire321 the Ducker (level 8, 0/58 HPs)
             Began as a Djinni Fire Elementalist on Jan 7, 2022.
             Was an Initiate of Makhleb.
             Killed from afar by Dowan (48 damage)
             ... with a shard of ice
             ... on level 5 of the Dungeon.
             The game lasted 00:17:24 (6872 turns).

voltaire321 the Ducker (Djinni Fire Elementalist)   Turns: 6872, Time: 00:17:25

Health: 0/58       AC:  3    Str:  7    XL:     8   Next: 18%
Gold:   251        EV: 14    Int: 19    God:    Makhleb [......] SH:  0 Dex: 14

rFire   + + .      SeeInvis .   x - staff of conjuration
rCold   x . .      Faith    .   (no shield)
rNeg    . . .      Spirit   .   a - +1 robe
rPois   ∞          Reflect  .   (no helmet)
rElec   .          Harm     .   (no cloak)
rCorr   .          Rampage  .   (no gloves)
Will    .....                   (boots unavailable)
Stlth   ++........              (no amulet)
HPRegen 0.19/turn               (no ring)
MPRegen 0.00/turn               (no ring)

@: flying
A: sickness immunity, fire resistance 2, cold vulnerability 1, float, innate
caster, hp casting, extra vitality 1
a: Renounce Religion


You were on level 5 of the Dungeon.
You worshipped Makhleb.
Makhleb was noncommittal.
You visited 2 branches of the dungeon, and saw 6 of its levels.

You collected 251 gold pieces.

Inventory:

Missiles
 l - 3 throwing nets
Armour
 a - a +1 robe (worn)
 b - a +3 scale mail of poison resistance
Magical Staves
 h - a staff of air
 x - a staff of conjuration (weapon)
Jewellery
 f - the ring of the Solstice {rF+ Str+4 Dex-4}
   (You found it on level 2 of the Dungeon)

   [ring of protection from fire]

   Str:       It affects your strength (+4).
   Dex:       It affects your dexterity (-4).
   rF:        It protects you from fire.
 v - a +6 ring of strength
Wands
 i - a wand of digging (7)
 m - a wand of mindburst (21)
Scrolls
 c - a scroll of fog
 d - a scroll of teleportation
 k - 2 scrolls of magic mapping
Potions
 n - 2 potions of curing
 q - a potion of brilliance
 r - 2 potions of cancellation


   Skills:
 + Level 3.6 Fighting
 + Level 3.7 Armour
 + Level 5.0 Dodging
 - Level 2.0 Stealth
 + Level 4.0 Spellcasting
 + Level 2.0 Invocations


You couldn't memorise any spells.
You knew the following spells:

 Your Spells              Type           Power      Damage    Failure   Level
a - Foxfire               Conj/Fire      100%       2x1d9     2%          1
b - Scorch                Fire           38%        2d6       4%          2
c - Conjure Flame         Conj/Fire      28%        6-21      8%          3
d - Inner Flame           Hex/Fire       19%        N/A       8%          3
e - Flame Wave            Conj/Fire      28%        2d6       26%         4
f - Animate Skeleton      Necr           38%        N/A       2%          1
g - Passwall              Tmut/Erth      15%        N/A       4%          2
h - Confusing Touch       Hex            19%        N/A       8%          3
Your spell library was empty.

Dungeon Overview and Level Annotations

Branches:
Dungeon (5/15)             Temple (1/1) D:4

Altars:
Ashenzari
Cheibriados
Dithmenos
Elyvilon
Fedhas
Gozag
Hepliaklqana
Kikubaaqudgha
Makhleb
Nemelex Xobeh
Qazlal
Ru
Sif Muna
Uskayaw
Vehumet
Wu Jian
Xom
Yredelemnul
Zin
The Shining One

Shops:
D:5 (

Annotations:
D:3 Sigmund
D:5 Dowan


Innate Abilities, Weirdness & Mutations

You are immune to sickness and miasma.
You are immune to poison.
Your flesh is very heat resistant. (rF++)
You are vulnerable to cold. (rC-)
You float through the air rather than walking.
You learn spells naturally, not from books.
Your magical power is your life essence.
You have superior vitality. (+4 MHP)


Message History

5 poisoned darts; a +0 short sword You see here a +0 whip.
There is a dry fountain here.
There is a stone staircase leading up here.
There is a stone staircase leading down here.
You fly downwards.
Level annotation: Dowan, Duvessa Dowan is no longer more vulnerable to fire.
There is a stone staircase leading up here.
Casting: Scorch (safe; 4% risk of failure)
Confirm with . or Enter, or press ? or * to list all spells.
Flames lash Duvessa.
Duvessa is burned terribly!
Duvessa is moderately wounded.
Dowan gestures wildly while chanting.
Dowan blinks!
Duvessa hits you with a +0 rapier.
Casting: Scorch (safe; 4% risk of failure)
Confirm with . or Enter, or press ? or * to list all spells.
Flames lash Duvessa.
Duvessa is burned terribly!
Duvessa is severely wounded.
Duvessa closely misses you.
Casting: Scorch (safe; 4% risk of failure)
Confirm with . or Enter, or press ? or * to list all spells.
Flames lash Duvessa.
Duvessa is burned terribly!
You kill Duvessa!
Makhleb accepts your kill.
You hear a distant wail of despair.
Your Dodging skill increases to level 5!
Your Spellcasting skill increases to level 4!
Your Invocations skill increases to level 2!
Casting: Scorch (safe; 4% risk of failure)
Confirm with . or Enter, or press ? or * to list all spells.
You can't see any susceptible monsters within range! (Use Z to cast anyway.) Dowan seems to find hidden reserves of power!
Casting: Scorch (safe; 4% risk of failure)
Confirm with . or Enter, or press ? or * to list all spells.
You can't see any susceptible monsters within range! (Use Z to cast anyway.) Dowan points at you and mumbles some strange words.
The shard of ice hits you!!!
You feel a painful chill!
Ouch! That really hurt!
You die...

...........###..........#.###+##*
#.#.....................#......#*
#......)....##..........#...[..#*
#.......................#....(.#
#....######.#....)......#......#
###÷.#...........÷......#......#
#..#.####)##..e.<.....#......#
###..#,####....#)######.#......#
.....#,........<@.......#.###+##
###.#####################.# *,*
#..................[....# *,*
######################### *,* *,*
*,* *,*** *,,,, *****


You could see Dowan (fast, empowered).

Vanquished Creatures
  Edmund (D:4)
  Duvessa (D:5)
  An orc warrior (D:4)
  A centaur (D:5)
  A howler monkey (D:5)
  A hound (D:5)
  A jelly (D:4)
  2 orc priests
  Jessica (D:2)
  A scorpion zombie (D:5)
  Natasha (thrice) (D:2)
  A hound skeleton (D:4)
  5 adders
  A white imp (D:5)
  An adder zombie (D:5)
  3 worms
  4 dart slugs
  8 orcs
  12 endoplasms
  3 giant cockroaches
  5 goblins
  6 hobgoblins
  7 jackals
  7 kobolds
  A quokka (D:4)
  7 ball pythons
  2 bats
  7 frilled lizards
  5 rats
99 creatures vanquished.

Vanquished Creatures (others)
  124 foxfires
124 creatures vanquished.

Grand Total: 223 creatures vanquished

Notes
Turn   | Place    | Note
-------+----------+-------------------------------------------
     0 | D:1      | voltaire321 the Djinni Fire Elementalist began the quest
                  | for the Orb.
     0 | D:1      | Reached XP level 1. HP: 15/15 MP: 0/0
   155 | D:1      | Reached XP level 2. HP: 20/21 MP: 0/0
   404 | D:1      | Reached XP level 3. HP: 21/25 MP: 0/0
   404 | D:1      | Learned a level 1 spell: Animate Skeleton
   933 | D:2      | Identified the ring of the Solstice {rF+ Str+4 Dex-4}
   950 | D:2      | Noticed Jessica
   961 | D:2      | Killed Jessica
   962 | D:2      | Reached skill level 1 in Fighting
   962 | D:2      | Reached skill level 1 in Armour
   962 | D:2      | Reached skill level 3 in Dodging
   962 | D:2      | Reached XP level 4. HP: 11/32 MP: 0/0
  1450 | D:2      | Noticed Natasha
  1461 | D:2      | Killed Natasha
  1551 | D:2      | Reached XP level 5. HP: 33/37 MP: 0/0
  1551 | D:2      | Learned a level 2 spell: Passwall
  1802 | D:2      | Noticed Natasha
  1809 | D:2      | Killed Natasha
  1938 | D:2      | Noticed Natasha
  1948 | D:2      | Killed Natasha
  2500 | D:3      | Reached XP level 6. HP: 38/43 MP: 0/0
  2800 | D:3      | Found a faded altar of an unknown god.
  2877 | D:3      | Noticed Sigmund
  3474 | D:4      | Reached skill level 4 in Dodging
  3634 | D:4      | Noticed an orc warrior
  3955 | D:4      | Noticed Edmund
  3965 | D:4      | Killed Edmund
  3966 | D:4      | Reached XP level 7. HP: 9/49 MP: 0/0
  3966 | D:4      | Learned a level 3 spell: Confusing Touch
  4274 | D:4      | Found a staircase to the Ecumenical Temple.
  4283 | Temple   | Entered the Ecumenical Temple
  4543 | Temple   | Became a worshipper of Makhleb the Destroyer
  5123 | D:5      | Entered Level 5 of the Dungeon
  5183 | D:5      | Found Laobba Feho's Antique Weapon Shoppe.
  5235 | D:5      | Noticed Duvessa
  5235 | D:5      | Noticed Dowan
  5944 | D:5      | Reached skill level 1 in Invocations
  6052 | D:5      | Identified the +1 pair of gloves of the Gate {Contam
                  | Rampage Drain rF+++}
  6608 | D:5      | Reached XP level 8. HP: 52/56 MP: 0/0
  6870 | D:5      | Killed Duvessa
  6871 | D:5      | Reached skill level 5 in Dodging
  6872 | D:5      | Killed from afar by Dowan

Illustrated notes

Levels and vault maps discovered:
D:1:      saegor_arrival_simple_e, layout_rooms
D:2:      layout_rooms, minmay_misc_feat_x, st_stairs_5, uniq_natasha,
          uniq_jessica
D:3:      layout_loops_cross, shapermc_ecumenical_altar_ellora,
          minmay_pentangle, uniq_sigmund
D:4:      layout_basic, minmay_temple_entry_slanted, minmay_misc_feat_room,
          amcnicky_mini_pool_small, chequers_decorated_corner,
          minmay_fractal_squares_diagonal_5, uniq_edmund
D:5:      layout_basic, serial_shops, nicolae_lakefront_shop, uniq_duvessa
Temple:   mainiacjoe_temple_big_plus

Skill      XL: |  1  2  3  4  5  6  7  8 |
---------------+-------------------------+-----
Stealth        | 2 |  2.0
Fighting       | 1 2 3 |  3.6
Armour         | 1 2 3 |  3.7
Dodging        | 3 4 5 |  5.0
Spellcasting   | 3 4 |  4.0
Invocations    | 1 2 |  2.0

Action                   |  1- 3 |  4- 6 |  7- 9 || total
-------------------------+-------+-------+-------++-------
Melee: Unarmed           |     1 |       |       ||     1
       Staff             |       |       |     2 ||     2
 Cast: Foxfire           |    35 |    33 |       ||    68
       Scorch            |       |    60 |    45 ||   105
  Use: Scroll            |       |       |    15 ||    15
 Stab: Sleeping          |       |       |     1 ||     1
Armor: Robe              |     1 |     4 |     2 ||     7
Dodge: Dodged            |    15 |    26 |    18 ||    59

Table legend: (Time is in decaauts)
 A = Elapsed time spent in this place.
 B = Non-inter-level travel time spent in this place.
 C = Inter-level travel time spent in this place.
 D = Time resting spent in this place.
 E = Time spent auto-exploring this place.
 F = Levels seen in this place.
 G = Mean time per level.
                   A        B        C        D        E       F      G
               +--------+--------+--------+--------+--------+-----+--------+
         Total |   6877 |   6478 |    399 |   2510 |   2840 |   6 | 1146.2 |
       Dungeon |   6432 |   6085 |    347 |   2510 |   2455 |   5 | 1286.4 |
        Temple |    444 |    392 |     52 |      0 |    385 |   1 |  444.0 |
               +--------+--------+--------+--------+--------+-----+--------+

Top non-repeatable levels by time:
     D:4: 2461 daAuts
     D:2: 1354 daAuts
     D:3: 1307 daAuts
     D:1: 713 daAuts
     D:5: 595 daAuts
  Temple: 444 daAuts
